 Dungeon Crawl Stone Soup version 0.22-a0-412-g2b68d14 (webtiles) character file.

42 Borgoz the Skirmisher (level 3, -4/24 HPs)
             Began as a Gargoyle Abyssal Knight on May 12, 2018.
             Was a Follower of Lugonu.
             Slain by Sigmund
             ... wielding a +3 scythe
              (13 damage)
             ... on level 2 of the Dungeon.
             The game lasted 00:02:48 (759 turns).

Borgoz the Skirmisher (Gargoyle Abyssal Knight)      Turns: 759, Time: 00:02:49

Health: -4/24      AC:  6    Str: 15    XL:     3   Next: 54%
Magic:  4/4        EV: 11    Int: 12    God:    Lugonu [*.....]
Gold:   75         SH:  0    Dex: 10    Spells: 2/2 levels left

rFire    . . .     SeeInvis .   a - +1 hand axe
rCold    . . .     Gourm    .   (no shield)
rNeg     + . .     Faith    .   b - +0 leather armour
rPois    ∞         Spirit   .   (no helmet)
rElec    +         Reflect  .   (no cloak)
rCorr    .         Harm     .   (no gloves)
MR       .....                  (no boots)
Stlth    +.........             (no amulet)
HPRegen  0.08/turn              (no ring)
MPRegen  0.09/turn              (no ring)

@: no status effects
A: negative energy resistance 1, electricity resistance, unbreathing,
petrification resistance, rot immunity, AC +3
a: Depart the Abyss, Renounce Religion


You were on level 2 of the Dungeon.
You worshipped Lugonu.
Lugonu was aware of your devotion.
You were not hungry.

You visited 1 branch of the dungeon, and saw 2 of its levels.
You visited the Abyss 1 time.

You collected 75 gold pieces.

Inventory:

Hand Weapons
 a - a +1 hand axe (weapon)
Armour
 b - a +0 leather armour (worn)
Scrolls
 d - a scroll of remove curse {unknown}
 g - a scroll of identify {unknown}
Potions
 e - a potion of haste {unknown}
 h - a potion of degeneration {unknown}
 i - a potion of brilliance {unknown}
 j - a potion of lignification {unknown}
 k - a potion of mutation {unknown}
Comestibles
 c - 5 rations
 f - a chunk of flesh


   Skills:
 + Level 4.0 Fighting
 + Level 2.2 Axes
 + Level 2.6 Armour
 + Level 1.1 Dodging
 + Level 2.2 Invocations


You had 2 spell levels left.
You didn't know any spells.
Your spell library was empty.

Dungeon Overview and Level Annotations

Branches:
Dungeon (2/15)

Altars:

Annotations:
D:2 Sigmund


Innate Abilities, Weirdness & Mutations

You are resistant to torment.
Your stone body is resilient. (AC +3)
You are immune to poison.
You resist negative energy. (rN+)
You are resistant to electric shocks. (rElec)
You can survive without breathing.
You are immune to petrification.
You are immune to rotting.


Message History

Sigmund closely misses you.
Unknown command.
Sigmund flickers, as though insubstantial.
Sigmund closely misses you.
You're too confused to move!
Sigmund gestures at you while chanting. The magic dart hits you!
You feel less confused. Sigmund closely misses you.
You hit Sigmund.
Sigmund is almost dead.
Sigmund barely misses you.
You completely miss Sigmund.
Sigmund is almost dead.
Sigmund hits you but does no damage.
You barely miss Sigmund.
Sigmund is almost dead.
Sigmund hits you with an enchanted scythe!
Ouch! That really hurt!
You die...

##.........# #....[.$...
###########..[.$....####
........................
........# #...>.........
........# #..........#..
........###....@.......#
[.......#.......@.....#
#####.#.............###
####.#............###
#...................#
##.##.#.........####.# ..
#..#.....##...# ... . .#
##.#.....##.#.# #..... ##
#.......(#(#.####.....
..#####.......#.#.........#


You could see Sigmund.

Vanquished Creatures
  3 dart slugs (D:1)
  2 leopard geckos (D:1)
  2 giant cockroaches
  2 goblins (D:1)
  3 hobgoblins (D:1)
  2 jackals (D:1)
  A quokka (D:2)
  4 bats (D:1)
  4 frilled lizards (D:1)
  5 kobolds
  5 rats
33 creatures vanquished.

Notes
Turn   | Place    | Note
-------+----------+-------------------------------------------
     0 | Abyss:1  | Borgoz the Gargoyle Abyssal Knight began the quest for the Orb.
     0 | Abyss:1  | Reached XP level 1. HP: 14/14 MP: 2/2
    80 | Abyss:1  | Noticed an ancient lich
    81 | D:1      | Escaped the Abyss
   142 | D:1      | Reached * piety under Lugonu
   142 | D:1      | Reached XP level 2. HP: 11/19 MP: 3/3
   271 | D:1      | Reached XP level 3. HP: 19/24 MP: 4/4
   514 | D:1      | Reached skill level 1 in Dodging
   517 | D:1      | Reached skill level 4 in Fighting
   740 | D:2      | Noticed Sigmund
   759 | D:2      | Slain by Sigmund

Vault maps used:
D:1:      dpeg_arrival_simpleton_b, minmay_split_cup_large
D:2:      uniq_sigmund
Abyss:1:  bh_abyss_exit_spiral

Skill      XL: |  1  2  3 |
---------------+----------+-----
Axes           | 2 |  2.2
Dodging        | 1 |  1.1
Fighting       | 4 |  4.0
Armour         | |  2.6
Invocations    | |  2.2

Action                   || total
-------------------------++-------
Melee: Hand axe          ||   116
Invok: Depart the Abyss  ||     1
Armor: Leather armour    ||    41
Dodge: Dodged            ||    84

Table legend:
 A = Spawn XP
 B = Non-spawn XP
 C = Spawn XP percentage of total XP
 D = Spawn monster count
 E = Non-spawn monster count
 F = Spawn count percentage of total count
 G = Total turns spent on level
                    A         B        C        D         E        F      G
               +---------+---------+-------+---------+---------+-------+---------
         Total |       0 |      60 |   0.0 |       0 |      33 |   0.0 |   759
               +---------+---------+-------+---------+---------+-------+---------
           D:1 |       0 |      50 |   0.0 |       0 |      27 |   0.0 |   485
           D:2 |       0 |      10 |   0.0 |       0 |       6 |   0.0 |   193
               +---------+---------+-------+---------+---------+-------+---------
